 Dungeon Sprint DCSS version 0.32-a0-411-g744942f433 (webtiles) character file.

Game seed: 14406652687388716414

0 shadowstone the Shooter (level 2, -4/24 HPs)
             Began as an Armataur Hunter on Feb 20, 2024.
             Slain by a water moccasin (8 damage)
             ... in the Dungeon (Sprint VI: "Thunderdome").
             The game lasted 00:00:50 (94 turns).

shadowstone the Shooter (Armataur Hunter)             Turns: 94, Time: 00:00:50

Health: -4/24      AC:  4    Str: 16    XL:     2   Next: 68%
Magic:  2/2        EV:  9    Int:  9    God:
Gold:   95         SH:  0    Dex: 13    Spells: 1/1 levels left

rFire   . . .        n - +0 hand cannon
rCold   . . .        (no shield)
rNeg    . . .        c - +0 leather armour
rPois   .            (no helmet)
rElec   .            (no cloak)
rCorr   .            (no gloves)
SInv    .            (no barding)
Will    .....        (no amulet)
Stlth   +            (no ring)
HPRegen 0.24/turn    (no ring)
MPRegen 0.08/turn

%: no teleportation, roll
@: lethally poisoned (-4 -> -11)
A: large, deformed body, tough skin 3, armoured tail, roll 1
a: no special abilities


You were in the Dungeon.
You visited 1 branch You collected 200 gold pieces.
You spent 105 gold pieces at shops.

Inventory:

Hand Weapons
 a - a +0 shortbow
 n - a +0 hand cannon (weapon)
Armour
 c - a +0 leather armour (worn)
Wands
 k - a wand of acid (5)
 l - a wand of roots (5)
Scrolls
 b - a scroll of butterflies
 i - 4 scrolls of blinking
 m - 3 scrolls of fog
Potions
 d - a potion of curing
 e - 4 potions of heal wounds
 f - 4 potions of haste
 g - 2 potions of magic
 h - a potion of berserk rage
 j - a potion of resistance


   Skills:
 + Level 2.1 Fighting
 + Level 4.9 Ranged Weapons
 + Level 1.7 Dodging
 + Level 1.1 Stealth


You had one spell level left.
You didn't know any spells.
Your spell library was empty.

Dungeon Overview and Level Annotations

Branches:
Dungeon (1/1)

Altars:
Cheibriados
Dithmenos
Fedhas
Gozag
Makhleb
Okawaru
Qazlal
Ru
Sif Muna
Trog
Uskayaw
Vehumet
Wu Jian
Xom
Yredelemnul
Zin
The Shining One
Beogh
Lugonu

Shops:
D *[=??*?*:[((


Innate Abilities, Weirdness & Mutations

Armour fits poorly on your strangely shaped body.
You have extremely tough skin. (AC +3)
You have a long armoured tail.
You regenerate magic when rolling toward enemies. (Rampage MPRegen)


Message History

You shoot a bolt.
The bolt closely misses the ball python.
The ball python bites you but does no damage.
The ball python bites you.
You shoot a bolt. The bolt hits the ball python.
You kill the ball python!
No target in view!
No target in view!
You start resting.
A water moccasin comes into view.
A water moccasin is nearby!
You shoot a bolt. The water moccasin hisses angrily.
The bolt hits the water moccasin!
The water moccasin is heavily wounded.
You shoot a bolt.
The bolt barely misses the water moccasin.
You shoot a bolt.
The bolt hits the water moccasin but does no damage.
The water moccasin is heavily wounded. 50...
The water moccasin bites you.
You shoot a bolt. The bolt hits the water moccasin.
The water moccasin is severely wounded.
The water moccasin bites you. The water moccasin bites you!
You are lethally poisoned!
The water moccasin poisons you!
You are too injured to fight recklessly!
You are too injured to fight recklessly!
You are too injured to fight recklessly!
You are too injured to fight recklessly!
You are too injured to fight recklessly!
You are too injured to fight recklessly!
You are too injured to fight recklessly!
You shoot a bolt. The bolt hits the water moccasin.
The water moccasin is severely wounded.
* * * LOW HITPOINT WARNING * * *
You feel very sick. The water moccasin bites you!
You die...

##.....## ##∩.....∩##
#∩.......∩# #_......._#
#_......._# #_......._#
###.........###
#⌠.......S...⌠#
######.ß......@..ß.#
##∩___......###......_.
#∩........ß.# #.ß.......
............###.........
.........###...###......
.........# #.<.# .......
.........###...###.......
............###..........
#∩........ß.# #.ß.......


You could see a water moccasin.

Vanquished Creatures
  2 adders (D)
  2 ball pythons (D)
4 creatures vanquished.

Notes
Turn   | Place    | Note
-------+----------+-------------------------------------------
     0 | D        | shadowstone the Armataur Hunter began the quest for the
                  | Orb.
     0 | D        | Reached XP level 1. HP: 17/17 MP: 1/1
     5 | D        | Round 1.
     6 | D        | Found a bloodstained altar of Trog.
     6 | D        | Found a shadowy altar of Dithmenos.
     7 | D        | Found a blossoming altar of Fedhas.
     8 | D        | Found a glowing golden altar of the Shining One.
     9 | D        | Found a roughly hewn altar of Beogh.
     9 | D        | Found a burning altar of Makhleb.
     9 | D        | Found Demira Bairi's Weapon Rack.
     9 | D        | Found Vial's Premium Goods.
    10 | D        | Found Uramurch's Basic Armour.
    10 | D        | Found Iloppiog's Miscellaneous Merchandise.
    19 | D        | Reached skill level 3 in Ranged Weapons
    26 | D        | Bought a +0 hand cannon for 105 gold pieces
    36 | D        | Found a hide-covered altar of Uskayaw.
    37 | D        | Found an iron altar of Okawaru.
    40 | D        | Found a snail-covered altar of Cheibriados.
    41 | D        | Found Beneferch's Identification Station.
    42 | D        | Found Duireid's Advanced Armour.
    42 | D        | Found Ytwi Mui's Jewellery.
    44 | D        | Found a corrupted altar of Lugonu.
    44 | D        | Found a shimmering blue altar of Sif Muna.
    44 | D        | Found a shimmering altar of Xom.
    44 | D        | Found Leuweh's Timeless Talismans.
    48 | D        | Found an ornate altar of the Wu Jian Council.
    50 | D        | Found a sacrificial altar of Ru.
    51 | D        | Found a stormy altar of Qazlal.
    52 | D        | Found Fuephiwk's Magic Scroll Shop.
    54 | D        | Found Duddyr's Magic Scroll Shop.
    54 | D        | Found Gaoxozeme's Must-Have Magic.
    55 | D        | Found a radiant altar of Vehumet.
    55 | D        | Found an opulent altar of Gozag.
    55 | D        | Found a glowing silver altar of Zin.
    55 | D        | Found Vibbibri's Staff Store.
    63 | D        | Found a basalt altar of Yredelemnul.
    67 | D        | Reached skill level 4 in Ranged Weapons
    67 | D        | Reached XP level 2. HP: 24/24 MP: 2/2
    88 | D        | Noticed a water moccasin
    94 | D        | Slain by a water moccasin

Illustrated notes

Levels and vault maps discovered:
D:        arena_sprint

Skill      XL: |  1 |
---------------+----+-----
Ranged Weapons | 4 |  4.9
Fighting       | 2 |  2.1
Dodging        | |  1.7
Stealth        | |  1.1

Action                     || total
---------------------------++-------
   Fire: Shortbow          ||     4
         Hand cannon       ||    12
 Armour: Leather armour    ||    15
  Dodge: Dodged            ||     7

Table legend: (Time is in decaauts)
 A = Elapsed time spent in this place.
 B = Non-inter-level travel time spent in this place.
 C = Inter-level travel time spent in this place.
 D = Time resting spent in this place.
 E = Time spent auto-exploring this place.
 F = Levels seen in this place.
 G = Mean time per level.
                   A        B        C        D        E       F      G
               +--------+--------+--------+--------+--------+-----+--------+
         Total |    102 |    102 |      0 |     16 |      0 |   1 |  102.0 |
       Dungeon |    102 |    102 |      0 |     16 |      0 |   1 |  102.0 |
               +--------+--------+--------+--------+--------+-----+--------+

Top non-repeatable levels by time:
       D: 102 daAuts
